Sabres vs Maroons

Created - 12 octobre 2017 at 17:00

Goals
1 2 3 T
Sabres 2 3 0 5
Maroons 1 1 1 3
Shots
1 2 3 T
Sabres 6 19 11 36
Maroons 10 13 8 31

1st period

1. Sabres , Rickard Rakell 2 (David Backes 1, Paul Stastny 3) at 1:05
2. Sabres , Paul Stastny 1 (Paul Byron 1) at 7:51 (PP)
3. Maroons , Bo Horvat 1 (Matthew Tkachuk 2, Brendan Gallagher 2) at 16:49 (PP)

Penalties :
Christian Folin (MON) for Holding (Minor) at 2:03, Zack Kassian (MON) for Holding (Minor) at 7:41, David Backes (BUF) for Interference (Minor) at 16:13, Mark Streit (BUF) for Tripping (Minor) at 17:28

2nd period

4. Sabres , Marko Dano 2 (Joonas Donskoi 1, Roman Josi 1) at 7:55
5. Sabres , Rickard Rakell 3 (Roman Josi 2, Paul Stastny 4) at 9:12 (PP)
6. Maroons , Matt Duchene 1 (Brendan Gallagher 3) at 13:13
7. Sabres , Roman Josi 1 (Marcus Kruger 1) at 13:41

Penalties :
Nick Schmaltz (MON) for Holding (Minor) at 3:23, Mikko Koivu (MON) for Hooking (Minor) at 9:09

3rd period

8. Maroons , Matt Duchene 2 (Brendan Gallagher 4, Bo Horvat 2) at 15:31

Penalties :
David Backes (BUF) for Holding (Minor) at 4:38, Erik Gudbranson (BUF) for High sticking (Minor) at 15:54, David Backes (BUF) for Hooking (Minor) at 18:29

Goalie Stats

Michael Hutchinson (BUF), 28 saves from 31 shots - (0,903), W, 1-0-0, 60:00 minutes
Chad Johnson (MON), 20 saves from 21 shots - (0,952), 30:48 minutes
John Gibson (MON), 11 saves from 15 shots - (0,733), L, 1-1-0, 29:12 minutes

Players Stats for Sabres

Player Name              G  A  P  +/- PIM S  H  SB GA TA FO     MP     PP MP  PK MP  
------------------------------------------------------------------------------------
Andre Burakovsky         0  0  0  -1  0   2  0  0  1  0  0/2    14:05   0:08   0:51 
Andrew Copp              0  0  0   1  0   0  1  0  2  0  4/10   11:18   0:00   1:58 
Clayton Stoner           0  0  0   0  0   1  2  1  0  0  0/0    15:37   0:00   2:02 
David Backes             0  1  1   1  6   3  0  0  0  0  0/0    16:48   1:35   0:00 
Erik Gudbranson          0  0  0   1  2   1  0  0  0  0  0/0    16:08   0:00   0:00 
Ivan Provorov            0  0  0   0  0   1  1  3  1  2  0/0    24:29   1:50   4:22 
Joonas Donskoi           0  1  1   1  0   1  0  1  0  1  0/0     9:20   0:00   0:00 
Josh Anderson            0  0  0   0  0   0  0  0  0  1  0/0    11:57   1:37   0:00 
Kevin Hayes              0  0  0  -1  0   3  0  1  0  0  6/13   17:15   1:35   2:36 
Kevin Shattenkirk        0  0  0   0  0   1  1  0  3  0  0/0    25:12   2:21   4:37 
Marcus Kruger            0  1  1   0  0   0  0  2  0  0  8/18   15:20   0:00   4:48 
Mark Streit              0  0  0  -1  2   1  0  1  0  0  0/0    16:50   1:50   1:24 
Marko Dano               1  0  1   1  0   1  0  0  0  0  0/1     9:30   0:05   0:00 
Paul Byron               0  1  1  -1  0   5  1  2  1  0  0/0    15:03   2:31   0:00 
Paul Stastny             1  2  3   1  0   4  0  0  1  1  16/29  18:26   2:31   1:08 
Rickard Rakell           2  0  2   1  0   5  0  0  0  0  0/0    17:16   2:31   0:00 
Roman Josi               1  2  3   2  0   6  1  3  3  0  0/0    21:45   2:21   3:41 
Zach Hyman               0  0  0   0  0   1  1  1  0  0  0/0    15:33   0:00   4:45 

Players Stats for Maroons

Player Name              G  A  P  +/- PIM S  H  SB GA TA FO     MP     PP MP  PK MP  
------------------------------------------------------------------------------------
Beau Bennett             0  0  0  -1  0   0  0  0  1  0  0/0     6:51   0:03   0:00 
Bo Horvat                1  1  2   0  0   2  1  0  0  1  12/21  18:10   4:00   1:51 
Brendan Gallagher        0  3  3   0  0   2  1  0  0  0  0/0    16:19   4:00   0:00 
Cal Clutterbuck          0  0  0   0  0   2  2  1  0  1  0/0    14:45   0:03   2:19 
Carl Gunnarsson          0  0  0   0  0   2  0  1  0  1  0/0    15:57   0:00   1:35 
Christian Folin          0  0  0   1  2   0  0  1  0  0  0/0    14:18   3:00   0:00 
Erik Karlsson            0  0  0  -2  0   1  1  2  0  1  0/0    26:52   5:03   0:00 
Frederik Gauthier        0  0  0  -1  0   1  4  0  0  0  1/9     8:51   0:00   2:15 
Jacob Trouba             0  0  0  -2  0   1  0  0  0  0  0/0    27:03   5:03   2:36 
Jakub Voracek            0  0  0   0  0   4  0  0  0  0  0/1    20:27   4:00   0:00 
Josh Bailey              0  0  0   0  0   2  2  0  2  1  0/0    12:12   0:00   0:05 
Matt Duchene             2  0  2   0  0   4  0  2  2  1  0/0    17:24   4:00   1:05 
Matthew Tkachuk          0  1  1   0  0   5  3  0  0  1  1/2    21:20   4:00   0:47 
Mikko Koivu              0  0  0   0  2   2  1  0  0  1  23/37  20:26   4:00   0:00 
Nick Schmaltz            0  0  0   0  2   1  1  1  0  0  2/3    12:26   0:03   0:00 
Nick Schultz             0  0  0   1  0   0  0  2  0  1  0/0    13:35   0:00   2:36 
Torey Krug               0  0  0   0  0   1  1  2  0  2  0/0    22:19   3:00   1:35 
Zack Kassian             0  0  0  -1  2   1  0  0  0  1  0/0     6:30   0:00   0:00 

3 Stars

1 - Roman Josi (BUF)
2 - Rickard Rakell (BUF)
3 - Paul Stastny (BUF)

Power Play

Sabres - 2 on 4 Attempt(s) - 50,00%
Maroons - 1 on 5 Attempt(s) - 20,00%

Penalty Kill

Sabres - 4 on 5 Attempt(s) - 80,00% - Score 0 goal in Penalty Kill
Maroons - 2 on 4 Attempt(s) - 50,00% - Score 0 goal in Penalty Kill

Team Stat

Sabres - Hits : 8 - Faceoff Wins : 34 - Blocked Shots : 15 - Penalty Minutes : 10
Maroons - Hits : 17 - Faceoff Wins : 39 - Blocked Shots : 12 - Penalty Minutes : 8

Official

Referees : Justin StPierre and Kelly Sutherland
Linesman : Shandor Alphonso and Lonnie Cameron

Game Notes

Chad Johnson enters game at 9:12 of 2nd period
Clayton Stoner is injured at 13:34 of 3rd period (Right Ankle)

Finance

Level 1 -- Attendance: 5349 (89,15%) -- Ticket Income 534 900 $
Level 2 -- Attendance: 4326 (86,52%) -- Ticket Income 259 560 $
Level 3 -- Attendance: 2000 (100,00%) -- Ticket Income 70 000 $
Level 4 -- Attendance: 3882 (97,05%) -- Ticket Income 77 640 $
Luxury Box -- Attendance: 695 (69,50%) -- Ticket Income 139 000 $
Game was played at the Arena de Verdun.
Total Attendance: 16252 (90,29%)
Total Ticket Income: 1 081 100 $
Other Income: 529 739 $
Total Income: 1 610 839 $

Sabres

5 vs 5 Forward 
   Center                   Left Wing                Right Wing               Time % Phy DF OF 
 1 Paul Stastny             David Backes             Rickard Rakell           32     0   2  3  
 2 Kevin Hayes              Paul Byron               Andre Burakovsky         28     0   2  3  
 3 Marcus Kruger            Josh Anderson            Zach Hyman               20     1   2  2  
 4 Andrew Copp              Marko Dano               Joonas Donskoi           20     0   2  3  

5 vs 5 Defense 
   Defense                  Defense                                           Time % Phy DF OF 
 1 Roman Josi               Erik Gudbranson                                   35     0   3  2  
 2 Ivan Provorov            Kevin Shattenkirk                                 35     0   3  2  
 3 Mark Streit              Clayton Stoner                                    30     0   3  2  
 4 Roman Josi               Ivan Provorov                                     0      0   3  2  

PowerPlay Forward 
   Center                   Left Wing                Right Wing               Time % Phy DF OF 
 1 Paul Stastny             Paul Byron               Rickard Rakell           55     0   0  5  
 2 Kevin Hayes              David Backes             Josh Anderson            45     0   0  5  

PowerPlay Defense
   Defense                  Defense                                           Time % Phy DF OF 
 1 Roman Josi               Kevin Shattenkirk                                 55     0   1  4  
 2 Ivan Provorov            Mark Streit                                       45     0   1  4  

Penalty Kill 4 Players Forward 
   Center                   Wing                     Time % Phy DF OF 
 1 Marcus Kruger            Zach Hyman               60     0   4  1  
 2 Andrew Copp              Kevin Hayes              40     0   4  1  

Penalty Kill 4 Players Defense
   Defense                  Defense                  Time % Phy DF OF 
 1 Kevin Shattenkirk        Ivan Provorov            60     0   5  0  
 2 Roman Josi               Clayton Stoner           40     0   5  0  

Penalty Kill - 3 Players Forward 
   Forward                                           Time % Phy DF OF 
 1 Marcus Kruger                                     60     0   5  0  
 2 Andrew Copp                                       40     0   5  0  

Penalty Kill - 3 Players Defense
   Defense                  Defense                  Time % Phy DF OF 
 1 Mark Streit              Ivan Provorov            60     0   5  0  
 2 Roman Josi               Clayton Stoner           40     0   5  0  

4 vs 4 Forward 
   Center                   Wing                     Time % Phy DF OF 
 1 Marcus Kruger            Andre Burakovsky         50     1   1  3  
 2 Andrew Copp              Zach Hyman               50     1   1  3  

4 vs 4 Defense
   Defense                  Defense                  Time % Phy DF OF 
 1 Ivan Provorov            Kevin Shattenkirk        60     1   3  1  
 2 Mark Streit              Roman Josi               40     2   1  2  

Last Minutes Offensive
   Center                   Left Wing                Right Wing               Defense                  Defense                  
   Paul Stastny             Kevin Hayes              Rickard Rakell           Roman Josi               Kevin Shattenkirk        

Last Minutes Defensive
   Center                   Left Wing                Right Wing               Defense                  Defense                  
   Paul Stastny             Marcus Kruger            Paul Byron               Ivan Provorov            Erik Gudbranson          

Goaltenders
Starting : Michael Hutchinson       
Backup : Martin Jones             

Extra Forwards
Normal : Andre Burakovsky, Josh Anderson, Joonas Donskoi - PP : Andre Burakovsky, Marko Dano - PK : Paul Stastny
Extra Defensemen
Normal : Mark Streit, Clayton Stoner, Ivan Provorov - PP : Ivan Provorov - PK : Kevin Shattenkirk, Mark Streit
Penalty Shots
Paul Byron, Kevin Hayes, Rickard Rakell, Paul Stastny, David Backes
Custom OT Lines Forwards
Paul Stastny, Kevin Hayes, Rickard Rakell, David Backes, Paul Byron, Andre Burakovsky, Josh Anderson, Zach Hyman, Joonas Donskoi, Marko Dano
Custom OT Lines Defensemen
Roman Josi, Ivan Provorov, Kevin Shattenkirk, Mark Streit, Clayton Stoner

Scratches
*salaire sabres* (Suspend), Jori Lehtera (Healthy), Matt Carey (Healthy), Ryan Rupert (Healthy), Christian Thomas (Healthy)
Matt Bailey (Healthy), Quentin Shore (Healthy)

Maroons

5 vs 5 Forward 
   Center                   Left Wing                Right Wing               Time % Phy DF OF 
 1 Mikko Koivu              Matthew Tkachuk          Jakub Voracek            40     1   2  2  
 2 Bo Horvat                Matt Duchene             Brendan Gallagher        30     1   2  2  
 3 Nick Schmaltz            Cal Clutterbuck          Josh Bailey              20     1   2  2  
 4 Frederik Gauthier        Beau Bennett             Zack Kassian             10     1   2  2  

5 vs 5 Defense 
   Defense                  Defense                                           Time % Phy DF OF 
 1 Erik Karlsson            Jacob Trouba                                      40     1   2  2  
 2 Carl Gunnarsson          Torey Krug                                        30     1   2  2  
 3 Nick Schultz             Christian Folin                                   20     2   2  1  
 4 Torey Krug               Erik Karlsson                                     10     1   2  2  

PowerPlay Forward 
   Center                   Left Wing                Right Wing               Time % Phy DF OF 
 1 Mikko Koivu              Matt Duchene             Jakub Voracek            60     1   2  2  
 2 Bo Horvat                Matthew Tkachuk          Brendan Gallagher        40     1   2  2  

PowerPlay Defense
   Defense                  Defense                                           Time % Phy DF OF 
 1 Erik Karlsson            Jacob Trouba                                      60     1   2  2  
 2 Christian Folin          Torey Krug                                        40     1   2  2  

Penalty Kill 4 Players Forward 
   Center                   Wing                     Time % Phy DF OF 
 1 Frederik Gauthier        Cal Clutterbuck          60     1   2  2  
 2 Bo Horvat                Matt Duchene             40     1   2  2  

Penalty Kill 4 Players Defense
   Defense                  Defense                  Time % Phy DF OF 
 1 Nick Schultz             Jacob Trouba             60     1   2  2  
 2 Carl Gunnarsson          Torey Krug               40     1   2  2  

Penalty Kill - 3 Players Forward 
   Forward                                           Time % Phy DF OF 
 1 Frederik Gauthier                                 60     1   2  2  
 2 Mikko Koivu                                       40     1   2  2  

Penalty Kill - 3 Players Defense
   Defense                  Defense                  Time % Phy DF OF 
 1 Nick Schultz             Jacob Trouba             60     1   2  2  
 2 Carl Gunnarsson          Torey Krug               40     1   2  2  

4 vs 4 Forward 
   Center                   Wing                     Time % Phy DF OF 
 1 Bo Horvat                Brendan Gallagher        60     1   2  2  
 2 Matt Duchene             Matthew Tkachuk          40     1   2  2  

4 vs 4 Defense
   Defense                  Defense                  Time % Phy DF OF 
 1 Jacob Trouba             Erik Karlsson            60     1   2  2  
 2 Torey Krug               Christian Folin          40     1   2  2  

Last Minutes Offensive
   Center                   Left Wing                Right Wing               Defense                  Defense                  
   Mikko Koivu              Matt Duchene             Jakub Voracek            Erik Karlsson            Jacob Trouba             

Last Minutes Defensive
   Center                   Left Wing                Right Wing               Defense                  Defense                  
   Mikko Koivu              Matt Duchene             Cal Clutterbuck          Erik Karlsson            Jacob Trouba             

Goaltenders
Starting : John Gibson              
Backup : Chad Johnson             

Extra Forwards
Normal : Matthew Tkachuk, Bo Horvat, Josh Bailey - PP : Matthew Tkachuk, Bo Horvat - PK : Bo Horvat
Extra Defensemen
Normal : Carl Gunnarsson, Erik Karlsson, Jacob Trouba - PP : Carl Gunnarsson - PK : Erik Karlsson, Jacob Trouba
Penalty Shots
Jakub Voracek, Erik Karlsson, Mikko Koivu, Bo Horvat, Matt Duchene
Custom OT Lines Forwards
Jakub Voracek, Mikko Koivu, Matt Duchene, Nick Schmaltz, Brendan Gallagher, Zack Kassian, Bo Horvat, Josh Bailey, Beau Bennett, Matthew Tkachuk
Custom OT Lines Defensemen
Erik Karlsson, Jacob Trouba, Nick Schmaltz, Torey Krug, Carl Gunnarsson

Scratches
*salaire Maroons* (Suspend)

% Time on Ice - Sabres

Lines # - Real PCT - Wanted PCT - Time Play
Normal Forward
1 - 32% - 32% - 15:06
2 - 27% - 28% - 12:50
3 - 22% - 20% - 10:30
4 - 20% - 20% - 9:20
Normal Defense
1 - 35% - 35% - 16:56
2 - 36% - 35% - 17:04
3 - 29% - 30% - 13:46
4 - 0% - 0% - 0:00
PP Forward
1 - 60% - 55% - 2:31
2 - 40% - 45% - 1:40
PP Defense
1 - 56% - 55% - 2:21
2 - 44% - 45% - 1:50
PK Forward
1 - 76% - 60% - 6:05
2 - 24% - 40% - 1:58
PK Defense
1 - 54% - 60% - 4:22
2 - 46% - 40% - 3:41
PK3 Forward
1 - 0% - 60%
2 - 0% - 40%
PK3 Defense
1 - 0% - 60%
2 - 0% - 40%
44 Forward
1 - 0% - 50%
2 - 0% - 50%
44 Defense
1 - 0% - 60%
2 - 0% - 40%
Last Minute Offensive  - 0:00
Last Minute Defensive  - 0:00
Total
Forward - 60:00
Defense - 60:00

% Time on Ice - Maroons

Lines # - Real PCT - Wanted PCT - Time Play
Normal Forward
1 - 35% - 40% - 16:55
2 - 26% - 30% - 12:19
3 - 25% - 20% - 12:01
4 - 14% - 10% - 6:31
Normal Defense
1 - 41% - 40% - 19:24
2 - 31% - 30% - 14:58
3 - 22% - 20% - 10:38
4 - 6% - 10% - 2:46
PP Forward
1 - 50% - 60% - 4:03
2 - 50% - 40% - 4:00
PP Defense
1 - 63% - 60% - 5:03
2 - 37% - 40% - 3:00
PK Forward
1 - 74% - 60% - 3:06
2 - 26% - 40% - 1:05
PK Defense
1 - 62% - 60% - 2:36
2 - 38% - 40% - 1:35
PK3 Forward
1 - 0% - 60%
2 - 0% - 40%
PK3 Defense
1 - 0% - 60%
2 - 0% - 40%
44 Forward
1 - 0% - 60%
2 - 0% - 40%
44 Defense
1 - 0% - 60%
2 - 0% - 40%
Last Minute Offensive  - 0:00
Last Minute Defensive  - 0:00
Total
Forward - 60:00
Defense - 60:00

Play by Play

1st period


0:01 of 1st period - Mikko Koivu wins face-off versus Paul Stastny in neutral zone.
0:26 of 1st period - David Backes is hit by Josh Bailey and loses puck.
0:36 of 1st period - Ivan Provorov is hit by Cal Clutterbuck and loses puck.
1:05 of 1st period - Slapshot by Rickard Rakell.
1:05 of 1st period - Goal by Rickard Rakell - Sabres : 1 - Maroons : 0.
1:06 of 1st period - Kevin Hayes wins face-off versus Frederik Gauthier in neutral zone.
1:11 of 1st period - Frederik Gauthier is hit by Clayton Stoner and loses puck.
1:22 of 1st period - Mark Streit is hit by Frederik Gauthier.
1:44 of 1st period - Snap shot by Jakub Voracek.
1:44 of 1st period - Stopped by Michael Hutchinson with a rebound.
2:03 of 1st period - Minor Penalty to Christian Folin for Holding.
2:04 of 1st period - Paul Stastny wins face-off versus Frederik Gauthier in Maroons zone.
3:43 of 1st period - Icing by Paul Byron.
3:44 of 1st period - Bo Horvat wins face-off versus Paul Stastny in Sabres zone.
4:03 of 1st period - Penalty to Christian Folin is over, Christian Folin is back on ice.
4:21 of 1st period - Snap shot by Matthew Tkachuk.
4:21 of 1st period - Stopped by Michael Hutchinson with a rebound.
4:23 of 1st period - Snap shot by Matthew Tkachuk.
4:23 of 1st period - Stopped by Michael Hutchinson without a rebound.
4:24 of 1st period - Marcus Kruger wins face-off versus Bo Horvat in Sabres zone.
4:56 of 1st period - Wrist shot by Matthew Tkachuk.
4:56 of 1st period - Shot Misses the Net.
5:09 of 1st period - Roman Josi is hit by Josh Bailey and loses puck.
5:45 of 1st period - Icing by Andrew Copp.
5:46 of 1st period - Andrew Copp wins face-off versus Mikko Koivu in Sabres zone.
6:29 of 1st period - Wrist shot by Andrew Copp.
6:29 of 1st period - Shot Misses the Net.
7:41 of 1st period - Minor Penalty to Zack Kassian for Holding.
7:42 of 1st period - Paul Stastny wins face-off versus Frederik Gauthier in Maroons zone.
7:43 of 1st period - Wrist shot by Paul Byron.
7:43 of 1st period - Stopped by John Gibson without a rebound.
7:44 of 1st period - Paul Stastny wins face-off versus Frederik Gauthier in Maroons zone.
7:51 of 1st period - Slapshot by Paul Stastny.
7:51 of 1st period - Goal by Paul Stastny - Sabres : 2 - Maroons : 0.
7:52 of 1st period - Mikko Koivu wins face-off versus Kevin Hayes in neutral zone.
8:24 of 1st period - Snap shot by David Backes.
8:24 of 1st period - Deflect By Rickard Rakell.
8:24 of 1st period - Shot Misses the Net.
8:24 of 1st period - Puck is out of play.
8:25 of 1st period - Bo Horvat wins face-off versus Marcus Kruger in Maroons zone.
8:29 of 1st period - Off-side.
8:30 of 1st period - Marcus Kruger wins face-off versus Mikko Koivu in neutral zone.
9:08 of 1st period - Wrist shot by Matt Duchene.
9:08 of 1st period - Shot Misses the Net.
9:28 of 1st period - Off-side.
9:29 of 1st period - Marcus Kruger wins face-off versus Mikko Koivu in neutral zone.
9:42 of 1st period - Wrist shot by Mikko Koivu.
9:42 of 1st period - Shot Blocked by Ivan Provorov.
9:44 of 1st period - Slapshot by Mikko Koivu.
9:44 of 1st period - Shot Misses the Net.
9:54 of 1st period - Kevin Shattenkirk is hit by Brendan Gallagher and loses puck.
10:01 of 1st period - Snap shot by Brendan Gallagher.
10:01 of 1st period - Shot Blocked by Ivan Provorov.
10:06 of 1st period - Off-side.
10:07 of 1st period - Kevin Hayes wins face-off versus Mikko Koivu in neutral zone.
10:22 of 1st period - Slapshot by Andre Burakovsky.
10:22 of 1st period - Stopped by John Gibson without a rebound.
10:23 of 1st period - Paul Stastny wins face-off versus Nick Schmaltz in Maroons zone.
10:24 of 1st period - Slapshot by Roman Josi.
10:24 of 1st period - Stopped by John Gibson without a rebound.
10:25 of 1st period - Nick Schmaltz wins face-off versus Paul Stastny in Maroons zone.
10:36 of 1st period - Slapshot by Erik Karlsson.
10:36 of 1st period - Shot Blocked by Roman Josi.
11:55 of 1st period - Wrist shot by Josh Bailey.
11:55 of 1st period - Stopped by Michael Hutchinson with a rebound.
11:57 of 1st period - Snap shot by Nick Schmaltz.
11:57 of 1st period - Stopped by Michael Hutchinson with a rebound.
11:59 of 1st period - Wrist shot by Cal Clutterbuck.
11:59 of 1st period - Stopped by Michael Hutchinson with a rebound.
12:01 of 1st period - Slapshot by Torey Krug.
12:01 of 1st period - Shot Misses the Net.
12:03 of 1st period - Slapshot by Carl Gunnarsson.
12:03 of 1st period - Stopped by Michael Hutchinson with a rebound.
13:26 of 1st period - Slapshot by Cal Clutterbuck.
13:26 of 1st period - Shot Misses the Net.
14:05 of 1st period - Icing by Bo Horvat.
14:06 of 1st period - Kevin Hayes wins face-off versus Bo Horvat in Maroons zone.
14:13 of 1st period - Wrist shot by Paul Byron.
14:13 of 1st period - Stopped by John Gibson without a rebound.
14:14 of 1st period - Mikko Koivu wins face-off versus Kevin Hayes in Maroons zone.
15:44 of 1st period - Icing by Matthew Tkachuk.
15:45 of 1st period - Mikko Koivu wins face-off versus Marcus Kruger in Maroons zone.
15:50 of 1st period - Snap shot by Jakub Voracek.
15:50 of 1st period - Stopped by Michael Hutchinson without a rebound.
15:51 of 1st period - Mikko Koivu wins face-off versus Paul Stastny in Sabres zone.
16:13 of 1st period - Minor Penalty to David Backes for Interference.
16:14 of 1st period - Marcus Kruger wins face-off versus Mikko Koivu in Sabres zone.
16:49 of 1st period - Snap shot by Bo Horvat.
16:49 of 1st period - Deflect By Clayton Stoner.
16:49 of 1st period - Goal by Bo Horvat - Sabres : 2 - Maroons : 1.
16:50 of 1st period - Mikko Koivu wins face-off versus Paul Stastny in neutral zone.
17:04 of 1st period - Icing by Rickard Rakell.
17:05 of 1st period - Bo Horvat wins face-off versus Paul Stastny in Sabres zone.
17:28 of 1st period - Minor Penalty to Mark Streit for Tripping.
17:29 of 1st period - Mikko Koivu wins face-off versus Marcus Kruger in Sabres zone.
17:42 of 1st period - Slapshot by Mikko Koivu.
17:42 of 1st period - Stopped by Michael Hutchinson with a rebound.
17:44 of 1st period - Snap shot by Mikko Koivu.
17:44 of 1st period - Shot Blocked by Marcus Kruger.
18:02 of 1st period - Wrist shot by Matthew Tkachuk.
18:02 of 1st period - Deflect By Brendan Gallagher.
18:02 of 1st period - Shot Misses the Net.
18:02 of 1st period - Puck is out of play.
18:03 of 1st period - Bo Horvat wins face-off versus Andrew Copp in Sabres zone.
18:08 of 1st period - Snap shot by Brendan Gallagher.
18:08 of 1st period - Shot Blocked by Kevin Hayes.
19:10 of 1st period - Kevin Shattenkirk is hit by Bo Horvat and loses puck.
19:28 of 1st period - Penalty to Mark Streit is over, Mark Streit is back on ice.
19:39 of 1st period - Carl Gunnarsson is hit by Paul Byron and loses puck.
19:50 of 1st period - Rickard Rakell is hit by Frederik Gauthier and loses puck.
Goals for this period are 2 for Sabres vs 1 for Maroons.
Shots for this period are 6 for Sabres vs 10 for Maroons.

2nd period


0:01 of 2nd period - Mikko Koivu wins face-off versus Kevin Hayes in neutral zone.
0:40 of 2nd period - Wrist shot by Paul Byron.
0:40 of 2nd period - Shot Blocked by Carl Gunnarsson.
1:00 of 2nd period - Slapshot by Frederik Gauthier.
1:00 of 2nd period - Stopped by Michael Hutchinson with a rebound.
1:02 of 2nd period - Snap shot by Frederik Gauthier.
1:02 of 2nd period - Shot Misses the Net.
1:04 of 2nd period - Wrist shot by Frederik Gauthier.
1:04 of 2nd period - Shot Hit the Post.
1:18 of 2nd period - Slapshot by Erik Karlsson.
1:18 of 2nd period - Deflect By Brendan Gallagher.
1:18 of 2nd period - Stopped by Michael Hutchinson without a rebound.
1:19 of 2nd period - Mikko Koivu wins face-off versus Paul Stastny in Sabres zone.
1:24 of 2nd period - Snap shot by Matthew Tkachuk.
1:24 of 2nd period - Shot Misses the Net.
1:29 of 2nd period - Off-side.
1:30 of 2nd period - Mikko Koivu wins face-off versus Andrew Copp in neutral zone.
1:35 of 2nd period - Wrist shot by Mikko Koivu.
1:35 of 2nd period - Shot Misses the Net.
1:37 of 2nd period - Snap shot by Matthew Tkachuk.
1:37 of 2nd period - Stopped by Michael Hutchinson with a rebound.
1:39 of 2nd period - Wrist shot by Matthew Tkachuk.
1:39 of 2nd period - Shot Blocked by Ivan Provorov.
1:41 of 2nd period - Slapshot by Matthew Tkachuk.
1:41 of 2nd period - Shot Misses the Net.
1:43 of 2nd period - Snap shot by Mikko Koivu.
1:43 of 2nd period - Stopped by Michael Hutchinson with a rebound.
1:45 of 2nd period - Wrist shot by Jakub Voracek.
1:45 of 2nd period - Stopped by Michael Hutchinson with a rebound.
2:04 of 2nd period - Snap shot by Brendan Gallagher.
2:04 of 2nd period - Stopped by Michael Hutchinson without a rebound.
2:05 of 2nd period - Matthew Tkachuk wins face-off versus Marcus Kruger in Sabres zone.
2:12 of 2nd period - Wrist shot by Jakub Voracek.
2:12 of 2nd period - Shot Blocked by Mark Streit.
2:38 of 2nd period - Slapshot by Mark Streit.
2:38 of 2nd period - Stopped by John Gibson without a rebound.
2:39 of 2nd period - Paul Stastny wins face-off versus Bo Horvat in Maroons zone.
3:06 of 2nd period - Nick Schmaltz is hit by Zach Hyman and loses puck.
3:23 of 2nd period - Minor Penalty to Nick Schmaltz for Holding.
3:24 of 2nd period - Paul Stastny wins face-off versus Frederik Gauthier in Maroons zone.
4:49 of 2nd period - Wrist shot by David Backes.
4:49 of 2nd period - Stopped by John Gibson with a rebound.
4:51 of 2nd period - Snap shot by Josh Anderson.
4:51 of 2nd period - Shot Misses the Net.
5:21 of 2nd period - Mark Streit is hit by Matthew Tkachuk and loses puck.
5:23 of 2nd period - Penalty to Nick Schmaltz is over, Nick Schmaltz is back on ice.
5:54 of 2nd period - Snap shot by Marcus Kruger.
5:54 of 2nd period - Shot Misses the Net.
7:51 of 2nd period - Icing by Frederik Gauthier.
7:52 of 2nd period - Andrew Copp wins face-off versus Frederik Gauthier in Maroons zone.
7:52 of 2nd period - Roman Josi is hit by Frederik Gauthier and loses puck.
7:55 of 2nd period - Wrist shot by Joonas Donskoi.
7:55 of 2nd period - Deflect By Marko Dano.
7:55 of 2nd period - Goal by Marko Dano - Sabres : 3 - Maroons : 1.
7:56 of 2nd period - Paul Stastny wins face-off versus Mikko Koivu in neutral zone.
8:21 of 2nd period - Bo Horvat is hit by Kevin Shattenkirk and loses puck.
8:28 of 2nd period - Slapshot by Andre Burakovsky.
8:28 of 2nd period - Stopped by John Gibson with a rebound.
8:30 of 2nd period - Slapshot by Ivan Provorov.
8:30 of 2nd period - Shot Blocked by Erik Karlsson.
8:32 of 2nd period - Wrist shot by Ivan Provorov.
8:32 of 2nd period - Stopped by John Gibson with a rebound.
8:44 of 2nd period - Slapshot by Roman Josi.
8:44 of 2nd period - Stopped by John Gibson with a rebound.
8:46 of 2nd period - Wrist shot by Joonas Donskoi.
8:46 of 2nd period - Stopped by John Gibson without a rebound.
8:47 of 2nd period - Nick Schmaltz wins face-off versus Andrew Copp in Maroons zone.
8:54 of 2nd period - Snap shot by Marko Dano.
8:54 of 2nd period - Shot Blocked by Nick Schultz.
8:56 of 2nd period - Wrist shot by Joonas Donskoi.
8:56 of 2nd period - Shot Misses the Net.
8:58 of 2nd period - Slapshot by Roman Josi.
8:58 of 2nd period - Shot Misses the Net.
9:00 of 2nd period - Wrist shot by Andrew Copp.
9:00 of 2nd period - Shot Blocked by Nick Schmaltz.
9:02 of 2nd period - Slapshot by Marko Dano.
9:02 of 2nd period - Shot Misses the Net.
9:04 of 2nd period - Wrist shot by Joonas Donskoi.
9:04 of 2nd period - Deflect By Josh Bailey.
9:04 of 2nd period - Shot Misses the Net.
9:04 of 2nd period - Puck is out of play.
9:05 of 2nd period - Paul Stastny wins face-off versus Mikko Koivu in Maroons zone.
9:09 of 2nd period - Minor Penalty to Mikko Koivu for Hooking.
9:10 of 2nd period - Paul Stastny wins face-off versus Frederik Gauthier in Maroons zone.
9:10 of 2nd period - Slapshot by Rickard Rakell.
9:10 of 2nd period - Stopped by John Gibson with a rebound.
9:12 of 2nd period - Backhand shot by Roman Josi.
9:12 of 2nd period - Deflect By Rickard Rakell.
9:12 of 2nd period - Goal by Rickard Rakell - Sabres : 4 - Maroons : 1.
9:12 of 2nd period - Chad Johnson enters game.
9:13 of 2nd period - Mikko Koivu wins face-off versus Paul Stastny in neutral zone.
9:40 of 2nd period - Wrist shot by Matt Duchene.
9:40 of 2nd period - Stopped by Michael Hutchinson without a rebound.
9:41 of 2nd period - Bo Horvat wins face-off versus Kevin Hayes in Sabres zone.
9:42 of 2nd period - Wrist shot by Brendan Gallagher.
9:42 of 2nd period - Shot Misses the Net.
9:44 of 2nd period - Slapshot by Carl Gunnarsson.
9:44 of 2nd period - Stopped by Michael Hutchinson without a rebound.
9:45 of 2nd period - Paul Stastny wins face-off versus Mikko Koivu in Sabres zone.
9:50 of 2nd period - Slapshot by Roman Josi.
9:50 of 2nd period - Shot Blocked by Torey Krug.
9:52 of 2nd period - Slapshot by Roman Josi.
9:52 of 2nd period - Shot Misses the Net.
9:54 of 2nd period - Snap shot by Paul Stastny.
9:54 of 2nd period - Stopped by Chad Johnson without a rebound.
9:55 of 2nd period - Mikko Koivu wins face-off versus Paul Stastny in Maroons zone.
10:08 of 2nd period - Wrist shot by Torey Krug.
10:08 of 2nd period - Stopped by Michael Hutchinson with a rebound.
10:22 of 2nd period - Snap shot by David Backes.
10:22 of 2nd period - Shot Misses the Net.
10:24 of 2nd period - Slapshot by Erik Gudbranson.
10:24 of 2nd period - Stopped by Chad Johnson with a rebound.
10:54 of 2nd period - Icing by David Backes.
10:55 of 2nd period - Paul Stastny wins face-off versus Bo Horvat in Sabres zone.
11:20 of 2nd period - Paul Stastny is hit by Frederik Gauthier and loses puck.
11:35 of 2nd period - Snap shot by Rickard Rakell.
11:35 of 2nd period - Stopped by Chad Johnson with a rebound.
11:57 of 2nd period - Snap shot by Kevin Hayes.
11:57 of 2nd period - Shot Misses the Net.
12:32 of 2nd period - Snap shot by Marko Dano.
12:32 of 2nd period - Shot Misses the Net.
12:34 of 2nd period - Snap shot by Roman Josi.
12:34 of 2nd period - Stopped by Chad Johnson with a rebound.
12:36 of 2nd period - Snap shot by Andrew Copp.
12:36 of 2nd period - Shot Blocked by Torey Krug.
12:38 of 2nd period - Slapshot by Joonas Donskoi.
12:38 of 2nd period - Shot Misses the Net.
13:01 of 2nd period - Slapshot by Matthew Tkachuk.
13:01 of 2nd period - Deflect By Jakub Voracek.
13:01 of 2nd period - Shot Misses the Net.
13:01 of 2nd period - Puck is out of play.
13:02 of 2nd period - Bo Horvat wins face-off versus Marcus Kruger in Sabres zone.
13:03 of 2nd period - Wrist shot by Matt Duchene.
13:03 of 2nd period - Deflect By Bo Horvat.
13:03 of 2nd period - Shot Misses the Net.
13:03 of 2nd period - Puck is out of play.
13:04 of 2nd period - Bo Horvat wins face-off versus Marcus Kruger in Sabres zone.
13:13 of 2nd period - Snap shot by Matt Duchene.
13:13 of 2nd period - Goal by Matt Duchene - Sabres : 4 - Maroons : 2.
13:14 of 2nd period - Mikko Koivu wins face-off versus Andre Burakovsky in neutral zone.
13:27 of 2nd period - Snap shot by Kevin Hayes.
13:27 of 2nd period - Stopped by Chad Johnson without a rebound.
13:28 of 2nd period - Marcus Kruger wins face-off versus Bo Horvat in Maroons zone.
13:35 of 2nd period - Snap shot by Zach Hyman.
13:35 of 2nd period - Stopped by Chad Johnson without a rebound.
13:36 of 2nd period - Marcus Kruger wins face-off versus Bo Horvat in Maroons zone.
13:41 of 2nd period - Slapshot by Roman Josi.
13:41 of 2nd period - Goal by Roman Josi - Sabres : 5 - Maroons : 2.
13:42 of 2nd period - Mikko Koivu wins face-off versus Kevin Hayes in neutral zone.
13:51 of 2nd period - Wrist shot by Andre Burakovsky.
13:51 of 2nd period - Shot Blocked by Erik Karlsson.
13:53 of 2nd period - Snap shot by Paul Byron.
13:53 of 2nd period - Stopped by Chad Johnson with a rebound.
13:55 of 2nd period - Slapshot by Paul Byron.
13:55 of 2nd period - Stopped by Chad Johnson without a rebound.
13:56 of 2nd period - Bo Horvat wins face-off versus Marko Dano in Maroons zone.
14:24 of 2nd period - Slapshot by Erik Karlsson.
14:24 of 2nd period - Shot Blocked by Roman Josi.
14:26 of 2nd period - Snap shot by Mikko Koivu.
14:26 of 2nd period - Shot Blocked by Paul Byron.
15:17 of 2nd period - Snap shot by Erik Karlsson.
15:17 of 2nd period - Stopped by Michael Hutchinson with a rebound.
15:37 of 2nd period - Backhand shot by Josh Bailey.
15:37 of 2nd period - Stopped by Michael Hutchinson with a rebound.
15:53 of 2nd period - Snap shot by Josh Bailey.
15:53 of 2nd period - Deflect By Cal Clutterbuck.
15:53 of 2nd period - Stopped by Michael Hutchinson with a rebound.
17:44 of 2nd period - Josh Bailey is hit by Ivan Provorov and loses puck.
18:25 of 2nd period - Icing by Ivan Provorov.
18:26 of 2nd period - Mikko Koivu wins face-off versus Marcus Kruger in Sabres zone.
18:51 of 2nd period - Snap shot by Kevin Shattenkirk.
18:51 of 2nd period - Shot Misses the Net.
18:53 of 2nd period - Snap shot by Andre Burakovsky.
18:53 of 2nd period - Shot Blocked by Matt Duchene.
18:55 of 2nd period - Slapshot by Kevin Shattenkirk.
18:55 of 2nd period - Deflect By Paul Byron.
18:55 of 2nd period - Shot Blocked by Matt Duchene.
18:55 of 2nd period - Puck is out of play.
18:56 of 2nd period - Kevin Hayes wins face-off versus Bo Horvat in Maroons zone.
19:13 of 2nd period - Wrist shot by Paul Byron.
19:13 of 2nd period - Stopped by Chad Johnson with a rebound.
Goals for this period are 3 for Sabres vs 1 for Maroons.
Shots for this period are 19 for Sabres vs 13 for Maroons.

3rd period


0:01 of 3rd period - Paul Stastny wins face-off versus Jakub Voracek in neutral zone.
0:13 of 3rd period - Icing by Rickard Rakell.
0:14 of 3rd period - Mikko Koivu wins face-off versus Paul Stastny in Sabres zone.
0:41 of 3rd period - Icing by Torey Krug.
0:42 of 3rd period - Andrew Copp wins face-off versus Matthew Tkachuk in Maroons zone.
1:07 of 3rd period - Snap shot by Kevin Hayes.
1:07 of 3rd period - Stopped by Chad Johnson without a rebound.
1:08 of 3rd period - Kevin Hayes wins face-off versus Bo Horvat in Maroons zone.
1:41 of 3rd period - Wrist shot by Beau Bennett.
1:41 of 3rd period - Shot Blocked by Paul Byron.
2:21 of 3rd period - Snap shot by David Backes.
2:21 of 3rd period - Shot Misses the Net.
3:05 of 3rd period - Slapshot by Jacob Trouba.
3:05 of 3rd period - Stopped by Michael Hutchinson with a rebound.
3:23 of 3rd period - Marko Dano is hit by Cal Clutterbuck and loses puck.
4:19 of 3rd period - Ivan Provorov is hit by Nick Schmaltz and loses puck.
4:38 of 3rd period - Minor Penalty to David Backes for Holding.
4:39 of 3rd period - Marcus Kruger wins face-off versus Mikko Koivu in Sabres zone.
5:10 of 3rd period - Wrist shot by Brendan Gallagher.
5:10 of 3rd period - Shot Blocked by Zach Hyman.
5:26 of 3rd period - Slapshot by Roman Josi.
5:26 of 3rd period - Stopped by Chad Johnson with a rebound.
5:28 of 3rd period - Slapshot by Kevin Hayes.
5:28 of 3rd period - Shot Misses the Net.
5:30 of 3rd period - Slapshot by Clayton Stoner.
5:30 of 3rd period - Stopped by Chad Johnson with a rebound.
6:20 of 3rd period - Kevin Hayes is hit by Matthew Tkachuk and loses puck.
6:38 of 3rd period - Penalty to David Backes is over, David Backes is back on ice.
6:58 of 3rd period - Icing by David Backes.
6:59 of 3rd period - Andrew Copp wins face-off versus Frederik Gauthier in Sabres zone.
7:35 of 3rd period - Slapshot by Rickard Rakell.
7:35 of 3rd period - Stopped by Chad Johnson with a rebound.
7:37 of 3rd period - Slapshot by Ivan Provorov.
7:37 of 3rd period - Shot Blocked by Cal Clutterbuck.
7:47 of 3rd period - Wrist shot by Kevin Hayes.
7:47 of 3rd period - Stopped by Chad Johnson without a rebound.
7:48 of 3rd period - Mikko Koivu wins face-off versus Kevin Hayes in Maroons zone.
7:59 of 3rd period - Slapshot by Jakub Voracek.
7:59 of 3rd period - Stopped by Michael Hutchinson without a rebound.
8:00 of 3rd period - Paul Stastny wins face-off versus Mikko Koivu in Sabres zone.
8:11 of 3rd period - Snap shot by Paul Stastny.
8:11 of 3rd period - Stopped by Chad Johnson without a rebound.
8:12 of 3rd period - Paul Stastny wins face-off versus Mikko Koivu in Maroons zone.
8:17 of 3rd period - Wrist shot by Rickard Rakell.
8:17 of 3rd period - Deflect By David Backes.
8:17 of 3rd period - Stopped by Chad Johnson without a rebound.
8:18 of 3rd period - Paul Stastny wins face-off versus Mikko Koivu in Maroons zone.
8:27 of 3rd period - Rickard Rakell is hit by Mikko Koivu and loses puck.
8:34 of 3rd period - Snap shot by Paul Stastny.
8:34 of 3rd period - Shot Misses the Net.
8:49 of 3rd period - Off-side.
8:50 of 3rd period - Bo Horvat wins face-off versus Kevin Hayes in neutral zone.
8:55 of 3rd period - Snap shot by Matt Duchene.
8:55 of 3rd period - Shot Misses the Net.
8:57 of 3rd period - Wrist shot by Bo Horvat.
8:57 of 3rd period - Stopped by Michael Hutchinson without a rebound.
8:58 of 3rd period - Mikko Koivu wins face-off versus Andre Burakovsky in Sabres zone.
9:33 of 3rd period - Backhand shot by David Backes.
9:33 of 3rd period - Shot Hit the Post.
9:51 of 3rd period - Snap shot by Zack Kassian.
9:51 of 3rd period - Shot Blocked by Joonas Donskoi.
10:20 of 3rd period - Icing by Kevin Hayes.
10:21 of 3rd period - Kevin Hayes wins face-off versus Mikko Koivu in Sabres zone.
11:12 of 3rd period - Beau Bennett is hit by Andrew Copp.
12:32 of 3rd period - Off-side.
12:33 of 3rd period - Frederik Gauthier wins face-off versus Andrew Copp in neutral zone.
12:40 of 3rd period - Wrist shot by Beau Bennett.
12:40 of 3rd period - Deflect By Zack Kassian.
12:40 of 3rd period - Stopped by Michael Hutchinson with a rebound.
12:48 of 3rd period - Snap shot by Andrew Copp.
12:48 of 3rd period - Deflect By Marko Dano.
12:48 of 3rd period - Shot Misses the Net.
12:48 of 3rd period - Puck is out of play.
12:49 of 3rd period - Mikko Koivu wins face-off versus Paul Stastny in Maroons zone.
12:58 of 3rd period - Snap shot by Matthew Tkachuk.
12:58 of 3rd period - Stopped by Michael Hutchinson without a rebound.
12:59 of 3rd period - Mikko Koivu wins face-off versus Paul Stastny in Sabres zone.
13:08 of 3rd period - Jakub Voracek is hit by Clayton Stoner and loses puck.
13:22 of 3rd period - Icing by Paul Stastny.
13:23 of 3rd period - Bo Horvat wins face-off versus Paul Stastny in Sabres zone.
13:28 of 3rd period - Wrist shot by Matt Duchene.
13:28 of 3rd period - Shot Hit the Post.
13:34 of 3rd period - Wrist shot by Matt Duchene.
13:34 of 3rd period - Shot Blocked by Clayton Stoner.
13:34 of 3rd period - Clayton Stoner from Sabres is injured at 13:34 of 3rd period (Right Ankle).
13:35 of 3rd period - Paul Stastny wins face-off versus Mikko Koivu in Sabres zone.
13:52 of 3rd period - Paul Stastny is hit by Matthew Tkachuk and loses puck.
14:32 of 3rd period - Slapshot by Kevin Shattenkirk.
14:32 of 3rd period - Stopped by Chad Johnson with a rebound.
15:07 of 3rd period - Slapshot by Paul Stastny.
15:07 of 3rd period - Shot Misses the Net.
15:09 of 3rd period - Slapshot by Ivan Provorov.
15:09 of 3rd period - Shot Blocked by Nick Schultz.
15:11 of 3rd period - Wrist shot by David Backes.
15:11 of 3rd period - Stopped by Chad Johnson with a rebound.
15:13 of 3rd period - Wrist shot by Paul Stastny.
15:13 of 3rd period - Stopped by Chad Johnson with a rebound.
15:15 of 3rd period - Slapshot by Ivan Provorov.
15:15 of 3rd period - Shot Blocked by Christian Folin.
15:31 of 3rd period - Snap shot by Matt Duchene.
15:31 of 3rd period - Goal by Matt Duchene - Sabres : 5 - Maroons : 3.
15:32 of 3rd period - Mikko Koivu wins face-off versus Andrew Copp in neutral zone.
15:32 of 3rd period - Erik Karlsson is hit by Roman Josi and loses puck.
15:54 of 3rd period - Minor Penalty to Erik Gudbranson for High sticking.
15:55 of 3rd period - Mikko Koivu wins face-off versus Marcus Kruger in Sabres zone.
16:02 of 3rd period - Slapshot by Erik Karlsson.
16:02 of 3rd period - Shot Misses the Net.
16:10 of 3rd period - Wrist shot by Jakub Voracek.
16:10 of 3rd period - Deflect By Matt Duchene.
16:10 of 3rd period - Stopped by Michael Hutchinson with a rebound.
17:54 of 3rd period - Penalty to Erik Gudbranson is over, Erik Gudbranson is back on ice.
17:58 of 3rd period - Snap shot by Mark Streit.
17:58 of 3rd period - Shot Misses the Net.
18:11 of 3rd period - Joonas Donskoi is hit by Torey Krug and loses puck.
18:29 of 3rd period - Minor Penalty to David Backes for Hooking.
18:30 of 3rd period - Bo Horvat wins face-off versus Marcus Kruger in Sabres zone.
18:30 of 3rd period - Slapshot by Erik Karlsson.
18:30 of 3rd period - Shot Blocked by Roman Josi.
18:32 of 3rd period - Snap shot by Matthew Tkachuk.
18:32 of 3rd period - Stopped by Michael Hutchinson without a rebound.
18:33 of 3rd period - Marcus Kruger wins face-off versus Bo Horvat in Sabres zone.
18:44 of 3rd period - Slapshot by Brendan Gallagher.
18:44 of 3rd period - Deflect By Bo Horvat.
18:44 of 3rd period - Shot Hit the Post.
18:44 of 3rd period - Puck is out of play.
18:45 of 3rd period - Mikko Koivu wins face-off versus Marcus Kruger in Sabres zone.
18:50 of 3rd period - Snap shot by Matt Duchene.
18:50 of 3rd period - Shot Blocked by Marcus Kruger.
19:12 of 3rd period - Marcus Kruger is hit by Erik Karlsson and loses puck.
19:37 of 3rd period - Slapshot by Roman Josi.
19:37 of 3rd period - Deflect By Brendan Gallagher.
19:37 of 3rd period - Stopped by Chad Johnson without a rebound.
19:38 of 3rd period - Bo Horvat wins face-off versus Andrew Copp in Maroons zone.
Goals for this period are 0 for Sabres vs 1 for Maroons.
Shots for this period are 11 for Sabres vs 8 for Maroons.